Map: Deathaura LE

Players

Yue - Winner!

  • Race: Protoss Protoss
  • League: Master
  • Spawn Location: 5:00

Osiris

  • Race: Terran Terran
  • League: Diamond
  • Spawn Location: 11:00

VOD

Have the link to the VOD?

Description

Time

  • Played on: Jan. 19, 2021, 4:13 a.m.
  • Length: 6:06
Show
View Real Time Build Order
Export as new Build Order

Yue Protoss - Winner!

Build Orders: 1 Gate Expand, Blink Stalkers 

Get SALT Encoding   

  12  0:00  Probe  
  13  0:12  Probe  
  14  0:17  Pylon  
  14  0:24  Probe (Chrono Boost)  
  15  0:36  Probe (Chrono Boost)  
  15  0:40  Gateway  
  16  0:45  Probe (Chrono Boost)  
  16  0:47  Assimilator  
  17  0:51  Probe  
  18  1:03  Probe  
  19  1:15  Probe  
  20  1:28  Cybernetics Core  
  20  1:35  Nexus  
  20  1:38  Probe  
  21  1:45  Pylon  
  21  1:50  Probe  
  22  1:55  Assimilator  
  22  2:02  Probe  
  22  2:04  Adept (Chrono Boost)  
  22  2:06  Warp Gate  
  25  2:14  Probe  
  26  2:26  Stalker  
  28  2:34  Probe  
  29  2:38  Twilight Council  
  29  2:46  Probe  
  29  2:48  Probe  
  31  2:56  Stalker  
  33  2:58  Probe  
  33  3:01  Probe  
  35  3:07  Robotics Facility  
  35  3:11  Probe  
  36  3:13  Probe  
  37  3:23  Gateway  
  37  3:24  Gateway  
  37  3:26  Probe x2  
  39  3:28  Blink (Chrono Boost)  
  39  3:38  Probe x2  
  41  3:50  Probe x2  
  41  3:53  Pylon  
  43  3:58  Gateway, Observer (Chrono Boost)  
  44  4:03  Probe  
  44  4:04  Probe  
  44  4:09  Pylon  
  44  4:10  Warp Prism (Chrono Boost)  
  44  4:15  Probe  
  44  4:16  Probe  
  48  4:25  Stalker x2  
  48  4:27  Pylon  
  48  4:28  Probe  
  53  4:35  Assimilator, Observer  
  53  4:38  Stalker  
  56  4:50  Assimilator, Probe x2  
  58  4:58  Pylon  
  58  5:05  Stalker x2  
  61  5:14  Probe  
  62  5:15  Probe  
  62  5:19  Gateway  
  63  5:21  Stalker x2  
  65  5:37  Stalker x2  
  69  5:47  Gateway  
  65  6:05  Nexus  
Show
View Real Time Build Order
Export as new Build Order

Osiris Terran 

Build Orders: Reaper Expand 

Get SALT Encoding   

  12  0:00  SCV  
  13  0:12  SCV  
  14  0:17  Supply Depot  
  14  0:24  SCV  
  15  0:38  SCV  
  15  0:39  Barracks  
  16  0:44  Refinery  
  16  0:50  SCV  
  17  1:02  SCV  
  18  1:14  SCV  
  19  1:28  Orbital Command  
  19  1:29  Reaper  
  20  1:52  Command Center  
  20  2:01  Marine, SCV  
  22  2:09  Supply Depot  
  22  2:14  SCV  
  23  2:21  Factory  
  23  2:28  Bunker  
  23  2:30  Barracks Reactor  
  23  2:34  SCV  
  24  2:38  Refinery  
  24  2:46  SCV  
  25  2:58  SCV  
  27  3:05  Orbital Command  
  27  3:08  Marine x2  
  27  3:10  SCV  
  27  3:12  Hellion  
  31  3:19  Starport  
  31  3:22  SCV  
  32  3:27  Marine x2  
  34  3:34  SCV  
  35  3:49  Marine x2  
  35  3:50  Factory Tech Lab, SCV  
  37  3:57  SCV  
  37  4:09  SCV  
  38  4:12  Barracks  
  38  4:14  SCV  
  38  4:16  Marine x2, Raven  
  43  4:21  Factory Tech Lab, SCV  
  43  4:23  Supply Depot  
  44  4:26  SCV  
  44  4:28  Engineering Bay  
  44  4:29  Refinery  
  45  4:31  Supply Depot  
  45  4:34  SCV  
  45  4:37  Barracks  
  46  4:44  Marine x2  
  46  4:45  Siege Tank  
  51  4:49  SCV x2  
  51  4:50  Supply Depot  
  53  5:01  SCV  
  54  5:08  Marine x2  
  54  5:13  Marine  
  57  5:17  Siege Tank  
  57  5:22  Bunker  
  57  5:25  Bunker  
  54  5:34  Marine x3  
  54  5:35  Marine  
  54  5:44  SCV x2  
Tags
 
Add a new tag
Caveats
  • Supply blocks, unpowered buildings, or Contaminate may cause inaccurate times.
  • Supply counts are checked every 10 seconds.